 Dungeon Sprint DCSS version bcrawl-1.19.1 (webtiles) character file.

Game seed: 16651692111177577502

8000000 mahrnol the Miracle Worker (level 27, -67/273 HPs)
             Began as a Djinni Skald on Dec 2, 2019.
             Was the Champion of Makhleb.
             Annihilated by a sculptor of flesh
             ... wielding a +9 great sword
              (258 damage)
             ... in the Dungeon (Sprint VIII: "Arena of Blood").
             The game lasted 00:03:31 (80 turns).

mahrnol the Miracle Worker (Djinni Skald)             Turns: 80, Time: 00:03:31

Health: -67/273    AC:  6    Str: 16    XL:     27
Magic:  28/64      EV: 33    Int: 19    God:    Makhleb [******]
Gold:   0          SH:  0    Dex: 18    Spells: 79/80 levels left

rFire    + . .     SeeInvis .   c - +∞ Axe of Woe
rCold    . . .     Gourm    .   (shield currently unavailable)
rNeg     . . .     Faith    .   b - +0 leather armour
rPois    .         Spirit   .   (no helmet)
rElec    .         Reflect  .   (no cloak)
rCorr    .         Harm     .   (no gloves)
MR       ++...     Rnd*Rage +   (boots unavailable) Stlth +++++++++.NoTele +
                                (no amulet)
HPRegen  0.55/turn              (no ring)
MPRegen  0.39/turn              (no ring)

@: berserk cooldown, flying, slowed, very slow
A: never pass out, berserk 2, blink, blurry vision 2, fire resistance 1, hurl
hellfire, high mp 2, wild magic 3, disrupted magic 1, MP-powered wands, floating
a: Hurl Hellfire, Blink, Minor Destruction, Lesser Servant of Makhleb, Major
Destruction, Greater Servant of Makhleb, Renounce Religion


You were in the Dungeon.
You worshipped Makhleb.
Makhleb was exalted by your worship.
You were not hungry.

You visited 1 branch

Inventory:

Hand Weapons
 a - a +0 hand axe
 c - the +∞ Axe of Woe (weapon)
   (You found it in the Dungeon)
Armour
 b - a +0 leather armour (worn)
Scrolls
 d - a scroll of fear
 k - a scroll of blinking
Potions
 e - a potion of curing
 g - a potion of heal wounds
 h - a potion of haste
 i - 2 potions of magic
 j - a potion of berserk rage
Comestibles
 f - a ration {!d}


   Skills:
 O Level 27 Fighting
 O Level 27 Axes
 O Level 27 Throwing
 O Level 27 Armour
 O Level 27 Dodging
 O Level 27 Stealth
 O Level 27 Unarmed Combat
 O Level 27 Spellcasting
 O Level 27 Charms
 O Level 27 Invocations


You had 79 spell levels left.
You knew the following spells:

 Your Spells              Type           Power        Failure   Level  Hunger
a - Infusion              Chrm           ########     1%          1    None

Your spell library contained the following spells:

 Spells                   Type           Power        Failure   Level  Hunger
 Song of Slaying          Chrm           ########     1%          2    None
 Ozocubu's Armour         Chrm/Ice       #######.     1%          3    None
 Regeneration             Chrm/Necr      #######...   1%          3    None
 Spectral Weapon          Hex/Chrm       #######.     1%          3    None


Dungeon Overview and Level Annotations

Branches:
Dungeon (1/1)

Altars:
Makhleb


Innate Abilities, Weirdness & Mutations

You never pass out after going berserk.
You often lose your temper in combat.
You can translocate small distances at will.
Scrolls take you longer to read.
Your flesh is heat resistant. (rF+)
You can hurl hellfire.
You have a considerably increased reservoir of magic. (+20% MP)
Your spells are much harder to cast, but much more powerful.
Your casting is slightly disrupted.
You expend magic power (3 MP) to strengthen your wands.
Your body floats in the air.


Message History

You feel better.
You hear a shout! x6
The sculptor of flesh is engulfed in blazing flames.
You hear a shout! x3
The accursed points at you and mumbles some strange words.
Something smites you!
You hear a shout! x4
The sculptor of flesh is engulfed in blazing flames.
You hear a shout! x2
Something hits you!
Deactivating autopickup; reactivate with Ctrl-A.
You hear a shout! x2
The accursed points at you and mumbles some strange words.
Something smites you!
You hear a shout!
The small abomination is engulfed in blazing flames.
The sculptor of flesh is engulfed in blazing flames.
The sculptor of flesh hits you with a +9 great sword!!!!!
Ouch! That really hurt!
You die...

....O #......#
.....%.... ......#
.......o..##.....#
##.%............%.#
..........###.....#
.........M..%.....#
..%...#.#..))§§§..#
...).....))).o§z@=#
.)%))#)#)#)%.§§x..#
).))))))))).......#
..))))#)#)#..#....#
##.§.......%#.....#
.............#....#
............#.....#
................%.#
...#...#......##..#


You could see an accursed, a sculptor of flesh, a small abomination and a bag of
meat.

Vanquished Creatures
  A hell beast (D)
  3 greater mummies (D)
  A great orb of eyes (D)
  14 vampire knights (D)
  24 ogres (D)
  7 two-headed ogres (D)
  2 hydras (D)
  57 orcs (D)
  6 skeletal warriors (D)
  10 large abominations (D)
  5 small abominations (D)
  6 crawling corpses (D)
136 creatures vanquished.

Vanquished Creatures (others)
  2 orcs (D)
  3 crawling corpses (D)
5 creatures vanquished.

Grand Total: 141 creatures vanquished

Notes
Turn   | Place    | Note
-------+----------+-------------------------------------------
     0 | D        | Found the +∞ Axe of Woe
     0 | D        | mahrnol the Djinni Skald began the quest for the Orb.
     0 | D        | Reached XP level 1. HP: 17/17 MP: 4/4
     1 | D        | Noticed a bag of meat
     1 | D        | Noticed a bag of meat
     3 | D        | Became a worshipper of Makhleb the Destroyer
     5 | D        | Noticed a meat berserker
     5 | D        | Noticed a bag of meat
     6 | D        | Noticed a bag of meat
     6 | D        | Noticed a meat berserker
     9 | D        | Noticed a bag of meat
    10 | D        | Killed a meat berserker
    10 | D        | Reached XP level 2. HP: 45/45 MP: 4/20
    10 | D        | Reached XP level 3. HP: 51/51 MP: 4/22
    10 | D        | Gained mutation: Your spells are harder to cast, but more
                  | powerful. [Djinni growth]
    10 | D        | Gained mutation: You can translocate small distances at
                  | will. [Djinni growth]
    10 | D        | Reached XP level 4. HP: 59/59 MP: 4/23
    10 | D        | Reached XP level 5. HP: 66/66 MP: 4/25
    10 | D        | Reached XP level 6. HP: 73/73 MP: 4/26
    10 | D        | Reached XP level 7. HP: 80/80 MP: 4/28
    10 | D        | Gained mutation: Your spells are much harder to cast, but
                  | much more powerful. [Djinni growth]
    10 | D        | Reached XP level 8. HP: 88/88 MP: 4/29
    10 | D        | Reached XP level 9. HP: 94/94 MP: 4/30
    10 | D        | Reached XP level 10. HP: 102/102 MP: 4/31
    10 | D        | Reached XP level 11. HP: 108/108 MP: 4/32
    10 | D        | Gained mutation: Your casting is slightly disrupted.
                  | [Djinni growth]
    10 | D        | Gained mutation: Your flesh is heat resistant. (rF+)
                  | [Djinni growth]
    10 | D        | Gained mutation: You have an increased reservoir of magic.
                  | (+10% MP) [Djinni growth]
    10 | D        | Gained mutation: You have a considerably increased
                  | reservoir of magic. (+20% MP) [Djinni growth]
    10 | D        | Reached XP level 12. HP: 116/116 MP: 4/40
    10 | D        | Reached XP level 13. HP: 123/123 MP: 4/41
    10 | D        | Killed a meat berserker
    10 | D        | Reached * piety under Makhleb
    10 | D        | Reached skill level 15 in Fighting
    10 | D        | Reached skill level 15 in Axes
    10 | D        | Reached XP level 14. HP: 136/136 MP: 4/46
    10 | D        | Noticed a bag of meat
    10 | D        | Noticed a bag of meat
    10 | D        | Noticed a bag of meat
    10 | D        | Noticed a bag of meat
    11 | D        | Killed a bag of meat
    11 | D        | Killed a bag of meat
    11 | D        | Reached XP level 15. HP: 148/148 MP: 4/49
    11 | D        | Noticed a meat berserker
    12 | D        | Noticed a destroyer
    12 | D        | Noticed a meat berserker
    13 | D        | Noticed a meat berserker
    13 | D        | Noticed a meat berserker
    13 | D        | Reached ** piety under Makhleb
    13 | D        | Reached skill level 15 in Dodging
    13 | D        | Reached skill level 27 in Charms
    13 | D        | Noticed a meat berserker
    14 | D        | Reached skill level 5 in Armour
    14 | D        | Reached XP level 16. HP: 165/165 MP: 5/54
    14 | D        | Noticed a meat berserker
    15 | D        | Noticed a meat berserker
    15 | D        | Noticed a meat berserker
    15 | D        | Noticed a meat berserker
    16 | D        | Killed a meat berserker
    16 | D        | Reached *** piety under Makhleb
    16 | D        | Reached skill level 27 in Spellcasting
    16 | D        | Reached XP level 17. HP: 181/181 MP: 6/57
    16 | D        | Noticed a meat berserker
    16 | D        | Noticed a meat berserker
    17 | D        | Noticed a meat berserker
    17 | D        | Noticed a meat berserker
    17 | D        | Noticed a meat berserker
    17 | D        | Noticed a meat berserker
    17 | D        | Noticed a destroyer
    17 | D        | Noticed a meat berserker
    18 | D        | Killed a meat berserker
    18 | D        | Killed a meat berserker
    18 | D        | Reached **** piety under Makhleb
    18 | D        | Reached skill level 27 in Fighting
    18 | D        | Reached skill level 27 in Axes
    18 | D        | Gained mutation: You can hurl hellfire. [Djinni growth]
    18 | D        | Reached XP level 18. HP: 200/200 MP: 6/58
    18 | D        | Killed a destroyer
    18 | D        | Reached skill level 27 in Dodging
    18 | D        | Killed a meat berserker
    18 | D        | Reached XP level 19. HP: 207/207 MP: 6/60
    19 | D        | Reached skill level 27 in Armour
    19 | D        | Killed a meat berserker
    19 | D        | Reached ***** piety under Makhleb
    19 | D        | Reached skill level 10 in Stealth
    19 | D        | Noticed a large bag of meat
    19 | D        | Noticed a meat berserker
    20 | D        | Killed a meat berserker
    20 | D        | Reached skill level 15 in Unarmed Combat
    20 | D        | Reached XP level 20. HP: 216/216 MP: 7/61
    20 | D        | Reached skill level 15 in Throwing
    20 | D        | Noticed a destroyer
    21 | D        | Killed a meat berserker
    21 | D        | Reached XP level 21. HP: 224/224 MP: 7/62
    21 | D        | Noticed a large bag of meat
    23 | D        | Noticed a large bag of meat
    23 | D        | Noticed a destroyer
    24 | D        | Noticed a destroyer
    24 | D        | Reached ****** piety under Makhleb
    24 | D        | Reached skill level 27 in Invocations
    24 | D        | Reached XP level 22. HP: 233/233 MP: 8/63
    24 | D        | Reached skill level 27 in Unarmed Combat
    25 | D        | Reached skill level 27 in Throwing
    25 | D        | Reached skill level 27 in Stealth
    25 | D        | Noticed a large bag of meat
    26 | D        | Reached XP level 23. HP: 240/240 MP: 9/64
    26 | D        | Noticed a large bag of meat
    26 | D        | Noticed a destroyer
    27 | D        | Reached XP level 24. HP: 249/249 MP: 9/64
    29 | D        | Killed a large bag of meat
    29 | D        | Noticed a destroyer
    30 | D        | Killed a large bag of meat
    30 | D        | Reached XP level 25. HP: 246/257 MP: 10/64
    32 | D        | Killed a large bag of meat
    32 | D        | Killed a large bag of meat
    32 | D        | Reached XP level 26. HP: 266/266 MP: 10/64
    32 | D        | Killed a destroyer
    35 | D        | Killed a destroyer
    38 | D        | Reached XP level 27. HP: 273/273 MP: 11/64
    41 | D        | Killed a destroyer
    42 | D        | Killed a large bag of meat
    43 | D        | Killed a destroyer
    43 | D        | Noticed a destroyer
    44 | D        | Noticed an accursed
    45 | D        | Noticed an accursed
    45 | D        | Noticed a destroyer
    46 | D        | Killed a destroyer
    46 | D        | Killed a destroyer
    49 | D        | Noticed a destroyer
    49 | D        | Noticed a destroyer
    49 | D        | Noticed a large bag of meat
    49 | D        | Noticed a destroyer
    53 | D        | Killed an accursed
    54 | D        | Noticed a destroyer
    54 | D        | Noticed a destroyer
    55 | D        | Killed a destroyer
    57 | D        | Killed an accursed
    57 | D        | Killed a destroyer
    57 | D        | Killed a destroyer
    60 | D        | Killed a destroyer
    62 | D        | Killed a large bag of meat
    62 | D        | Killed a destroyer
    62 | D        | Killed a destroyer
    62 | D        | Noticed an accursed
    68 | D        | Killed a destroyer
    70 | D        | Noticed a large bag of meat
    74 | D        | Noticed a meat beast
    75 | D        | Noticed an accursed
    77 | D        | Killed a meat beast
    77 | D        | Killed an accursed
    79 | D        | Killed a large bag of meat
    80 | D        | Annihilated by a sculptor of flesh

Skill      XL: |  1  2  3  4  5  6  7  8  9 10 11 12 13 14 15 16 17 18 19 20 21 22 |
---------------+-------------------------------------------------------------------+-----
Fighting       | 13 15 17 20 23 27 | 27.0
Axes           | 13 15 17 20 24 27 | 27.0
Armour         | 3 4 6 7 11 24 27 | 27.0
Dodging        | 11 13 14 16 19 24 27 | 27.0
Spellcasting   | 17 20 22 25 27 | 27.0
Charms         | 21 24 26 27 | 27.0
Throwing       | 14 19 23 27 | 27.0
Stealth        | 13 18 22 27 | 27.0
Unarmed Combat | 15 21 25 27 | 27.0
Invocations    | 16 22 27 | 27.0

Action                   |  1- 3 |  4- 6 |  7- 9 | 10-12 | 13-15 | 16-18 | 19-21 | 22-24 | 25-27 || total
-------------------------+-------+-------+-------+-------+-------+-------+-------+-------+-------++-------
Melee: Executioner's axe |     1 |       |       |       |     3 |     2 |     5 |     6 |    37 ||    54
Dodge: Dodged            |       |       |       |       |       |       |     2 |       |     1 ||     3
